Workbook

Sheet ENCARGOS
A1: ENCARGOS SOCIAIS
A2: GRUPO A - Obrigações Sociais
A3: A1 - Previdência Social | C3: 0.2
A4: A2 - F.G.T.S | C4: 0.08
A5: A3 - Salário Educação | C5: 0.025
A6: A4 - SESI/SESC | C6: 0.015
A7: A5 - SENAI/SENAC | C7: 0.01
A8: A6 - INCRA | C8: 0.002
A9: A7 - Seguro Acidente de Trabalho | C9: 0.03
A10: A8 - SEBRAE | C10: 0.006
A11: Total do GRUPO A | C11: 0.368
A13: GRUPO B - Tempo não Trabalhado I
A14: B1 - Férias | C14: 0.091727
A15: Total do GRUPO B | C15: =+C14 -> 0.091727
A16: GRUPO B' - Tempo não Trabalhado II
A17: B2 - Férias abonadas | C17: 0.015285
A18: B3 - Faltas Legais | C18: 0.009049
A19: B4 - Licença Paternidade | C19: 0.00014
A20: B5 - Acidente de Trabalho | C20: 0.000576
A21: B6 - Aviso Prévio Trabalhado | C21: 2e-06
C22: =SUM(C17:C21) -> 0.025052
A23: Total do GRUPO B' | C23: =+C22 -> 0.025052
A25: GRUPO C - Gratificações
A26: C1 - Adicional 1/3 Férias | C26: 0.034147
A27: C2 - 13º Salário | C27: 0.093067
A28: Total do GRUPO C | C28: 0.127214
A30: GRUPO D - Indenizações
A31: D1 - Aviso prévio indenizado + 13º, féria e 1/3 Férias | C31: 0.009265
A32: D2 - FGTS sobre aviso prévio + 13º indenizado | C32: 0.000326
A33: D3 - Indenização compensatória por demissaõ s/ justa causa | C33: 0.005054
A34: Total do GRUPO D | C34: =SUM(C31:C33) -> 0.014645
A36: GRUPO E - Licença Maternidade
A37: E1 - Aprovisionam. féria s/ licença maternidade | C37: 0.000807
A38: E2 - Aprovisionam. 1/3 féria s/ licença maternidade | C38: 0.000269
A39: E3 - Incidência Grupo A s/ Grupo licença maternidade | C39: 0.003634
A40: Total do GRUPO D | C40: =SUM(C37:C39) -> 0.00471
A42: GRUPO F - Incidência do Grupo A
A43: Incidência Grupo A x (Grupos B + C) | C43: 0.089789
A44: Total do GRUPO F | C44: =+C43 -> 0.089789
A46: TOTAL DOS ENCARGOS SOCIAIS | C46: =+C44+C40+C34+C28+C23+C15+C11 -> 0.721137

Sheet TIR
A2: TIR E PAYBACK DO INVESTIMENTO
A4: TIR ( TAXA INTERNA DE RETORNO )
B6: Entradas Líquidas de Caixa Ano
A7: INVESTIMENTO | B7: ANO 1 | C7: ANO 2 | D7: ANO 3 | E7: ANO 4 | F7: ANO 5 | G7: ANO 6 | H7: ANO 7 | I7: ANO 8 | J7: ANO 9 | K7: ANO 10 | L7: ANO 11 | M7: ANO 12 | N7: ANO 13 | O7: ANO 14 | P7: ANO 15
A8: =-Planilha!E101 -> -1283727.4 | B8: =+'Viabilidade Econômica'!C32 -> 1510051.5 | C8: =+'Viabilidade Econômica'!D32 -> 1391779.3 | D8: =+'Viabilidade Econômica'!E32 -> 1435846.4 | E8: =+'Viabilidade Econômica'!F32 -> 1473737.8 | F8: =+'Viabilidade Econômica'!G32 -> 1538632 | G8: =+'Viabilidade Econômica'!H32 -> 1596207.3 | H8: =+'Viabilidade Econômica'!I32 -> 1640872.7 | I8: =+'Viabilidade Econômica'!J32 -> 1710695.1 | ... P8: =+'Viabilidade Econômica'!Q32 -> 2230198.1
H10: TIR | I10: =IRR(A8:P8) -> 1.1479979
A19: TAXA DE REMUNERAÇÃO 15% CAPITAL INVESTIDO
B20: ANO
B21: ANO 1 | C21: ANO 2 | D21: ANO 3 | E21: ANO 4 | F21: ANO 5 | G21: ANO 6 | H21: ANO 7 | I21: ANO 8 | J21: ANO 9 | K21: ANO 10 | L21: ANO 11 | M21: ANO 12 | N21: ANO 13 | O21: ANO 14 | P21: ANO 15
A22: =+A8 -> -1283727.4 | B22: =+B8 -> 1510051.5 | C22: =+C8 -> 1391779.3 | D22: =+D8 -> 1435846.4 | E22: =+E8 -> 1473737.8 | F22: =+F8 -> 1538632 | G22: =+G8 -> 1596207.3 | H22: =+H8 -> 1640872.7 | ... P22: =+P8 -> 2230198.1
A23: VALOR DESCONTADO | B23: =+B22+A22 -> 226324.19 | C23: =+B23+C22 -> 1618103.4 | D23: =+C23+D22 -> 3053949.8 | E23: =+D23+E22 -> 4527687.7 | F23: =+E23+F22 -> 6066319.7 | G23: =+F23+G22 -> 7662527 | H23: =+G23+H22 -> 9303399.7 | I23: =+H23+I22 -> 11014095 | J23: =+I23+J22 -> 12785355 | ... P23: =+O23+P22 -> 24996810
H25: PAY BACK : 10 MESES

Sheet Planilha
A1: PLANILHA ORÇAMENTÁRIA DE CUSTOS MENSAL
A3: I - DESPESAS CONTRATUAIS
A4: ANEXO IV - Planilha de Custos Mensal para Operação de Estacionamento Rotativo
A5: ZONA AZUL
G6: Io - Junho/2022
A7: Item | B7: Historico | C7: Unid | D7: Quant. | E7: Valor unit. | F7: Valor total | G7: Fonte
A8: 1 | B8: Salário | D8: =SUM(D9:D31) -> 92 | F8: =SUM(F9:F31) -> 131306.89
A9: 1.1 | B9: Salário Base dos Agentes de Fiscalização | C9: un. | D9: =INT(4170/150)*2+2 -> 56 | E9: 1238.11 | F9: =E9*D9 -> 69334.16 | G9: Normativo Estadual
B10: 1 agente para cada 200 vagas x 2 turnos
B11: 4170 vagas / 100 agentes x 2 turnos
A13: 1.2 | B13: Salário Base dos Aux. Serv. Gerais | C13: un. | D13: 3 | E13: =+E9 -> 1238.11 | F13: =E13*D13 -> 3714.33 | G13: Normativo Estadual
B14: 3 auxiliares para os postos de atendimento
A16: 1.3 | B16: Salário Base dos Atendentes | C16: un. | D16: 4 | E16: 1283.73 | F16: =E16*D16 -> 5134.92 | G16: Normativo Estadual
B17: 4 atendentes para os postos de atendimento
A19: 1.3 | B19: Salário Base dos Motoristas | C19: un. | D19: 6 | E19: 1375.01 | F19: =E19*D19 -> 8250.06 | G19: Normativo Estadual
B20: 3 motoristas x 2 turnos
A22: 1.4 | B22: Salário Base do Auxiliar Administrativo (Financeiro + Dpto Pessoal) | C22: un. | D22: 4 | E22: 2512.59 | F22: =E22*D22 -> 10050.36 | G22: Normativo Estadual
B23: 4 auxiliares administrativos
A25: 1.5 | B25: Salário Base do Assistente administrativo | C25: un. | D25: 4 | E25: =+E19 -> 1375.01 | F25: =E25*D25 -> 5500.04 | G25: Normativo Estadual
B26: 4 assistentes administrativos
A28: 1.6 | B28: Salário Base Supervisão | C28: un. | D28: 14 | E28: 1665.93 | F28: =E28*D28 -> 23323.02 | G28: Normativo Estadual
B29: 7 supervisores x 2 turnos
A31: 1.7 | B31: Salário Base Gerência | C31: un. | D31: 1 | E31: 6000 | F31: =E31*D31 -> 6000 | G31: Preço de Mercado
B32: 1 gerente
A35: 2 | B35: Encargos | F35: =F36 -> 94690.257
A36: 2.1 | B36: Encargos sociais e trabalhistas | C36: =+ENCARGOS!C46 -> 0.721137 | E36: =F8 -> 131306.89 | F36: =E36*C36 -> 94690.257 | G36: Cálculo anexo
A38: 3 | B38: Benefícios Sociais | F38: =SUM(F39:F42) -> 20485.4
A39: 3.1 | B39: Auxílio Creche | C39: un. | D39: =+$D$8 -> 92 | E39: 12 | F39: =E39*D39 -> 1104 | G39: Preço de Mercado
A40: 3.2 | B40: Auxílio Funeral | C40: un. | D40: =+$D$8 -> 92 | E40: 1.5 | F40: =E40*D40 -> 138 | G40: Preço de Mercado
A41: 3.3 | B41: Seguro Pessoal | C41: un. | D41: =+$D$8 -> 92 | E41: 6 | F41: =E41*D41 -> 552 | G41: Preço de Mercado
A42: 3.4 | B42: Vale Transportes | C42: un. | D42: =+$D$8-D31 -> 91 | E42: =26*2*3.95 -> 205.4 | F42: =E42*D42 -> 18691.4 | G42: Tarifa pública
A44: 4 | B44: EPI's - Não Considerado Colaboradores Administrativo e Gerência | F44: =SUM(F45:F57) -> 6255.4642
A45: 4.1 | B45: Uniforme Inverno (Jaqueta) | C45: 1 a.a | D45: =+D8-D22-D25-D31 -> 83 | E45: 177.35 | F45: =(E45*D45)/12 -> 1226.6708 | G45: Preço de Mercado
B46: 1 uniforme ao ano x nº funcionários
A48: 4.2 | B48: Uniforme Verão (Calça, Camisa, Boné,Pochete, Crachá) | C48: 2 a.a | D48: =+$D$45 -> 83 | E48: =74.9+49+27.9+34.9 -> 186.7 | F48: =(E48*D48)*2/12 -> 2582.6833 | G48: Preço de Mercado
B49: 2 uniformes ao ano x nº funcionários
A51: 4.3 | B51: Calçados (Botinas e Botas) | C51: 2 a.a | D51: =+$D$45 -> 83 | E51: 69.8 | F51: =(E51*D51)*2/12 -> 965.56667 | G51: Preço de Mercado
B52: 2 calçados ao ano x nº funcionários
A54: 4.4 | B54: Capas de chuva / Guarda-chuvas | C54: 1 a.a | D54: =+$D$45-D13-D16 -> 76 | E54: 26.69 | F54: =(E54*D54)/12 -> 169.03667 | G54: Preço de Mercado
B55: 1 uniforme ao ano x nº funcionários
A57: 4.5 | B57: Protetor Solar | C57: 4 a.a | D57: =+D54 -> 76 | E57: 51.77 | F57: =(E57*D57)*4/12 -> 1311.5067 | G57: Preço de Mercado
B58: 4 protetores ao ano x nº funcionários
A60: 5 | B60: Operacional | F60: =SUM(F61:F69) -> 47528.68
A61: 5.1 | B61: Material de Manutenção (Operacional) | C61: un. | D61: 1 | E61: 3700 | F61: =E61*D61 -> 3700 | G61: Preço de Mercado
A62: 5.2 | B62: Manutenção de Equipamentos | C62: un. | D62: 1 | E62: 1850 | F62: =E62*D62 -> 1850 | G62: Preço de Mercado
A63: 5.3 | B63: Custo mensal Veículo | C63: un. | D63: 3 | E63: 6799.56 | F63: =E63*D63 -> 20398.68 | G63: Custo SCO FGV
A64: 5.4 | B64: Custo mensal motos | C64: un. | D64: 5 | E64: 1300 | F64: =E64*D64 -> 6500 | G64: Preço de Mercado
A65: 5.5 | B65: Bobinas | C65: un. | D65: 3000 | E65: 1.1 | F65: =E65*D65 -> 3300 | G65: Preço de Mercado
A66: 5.7 | B66: Contas diversas (Internet, água, luz etc) | C66: un. | D66: 1 | E66: 3000 | F66: =E66*D66 -> 3000 | G66: Preço de Mercado
A67: 5.8 | B67: Plano de dados móveis | C67: un. | D67: =+D82 -> 56 | E67: 76 | F67: =E67*D67 -> 4256 | G67: Preço de Mercado
A68: 5.9 | B68: Capacitação / Treinamentos | C68: un. | D68: =+D8 -> 92 | E68: 22 | F68: =E68*D68 -> 2024 | G68: Preço de Mercado
A69: 5.10 | B69: Móveis / Insumos escritório | C69: un. | D69: 1 | E69: 2500 | F69: =E69*D69 -> 2500 | G69: Preço de Mercado
A71: 6 | B71: Investimentos | F71: =SUM(F72:F85) -> 43769.279
A72: 6.1 | B72: Pontos de Venda (PDV's) - Vida útil 5 anos | C72: un. | D72: 100 | E72: 1800 | F72: =E72*D72/60 -> 3000 | G72: Preço de Mercado
A73: 6.2 | B73: Placas de Identificações de Locais de Venda PDV | C73: m2 | D73: =100*0.8*0.6 -> 48 | E73: 419 | F73: =E73*D73/60 -> 335.2 | G73: Custo SCO FGV
B74: 100 placas x 0,80x1,00m - Vida útil 5 anos
A75: 6.3 | B75: Sinalização Vertical (Placas) | C75: m2 | D75: =1200*0.8*0.6 -> 576 | E75: 419 | F75: =E75*D75/60 -> 4022.4 | G75: Custo SCO FGV
B76: 1200 placas x 0,80x0,60m - Vida útil 5 anos
A77: 6.4 | B77: Sinalização Vertical (Postes de fixação) | C77: un. | D77: 1200 | E77: 297.22 | F77: =E77*D77/60 -> 5944.4 | G77: Custo SCO FGV
B78: 1200 poste de fixação - Vida útil 5 anos
A79: 6.5 | B79: Sinalização Horizontal (Pintura das vagas +/- 2m²/vaga) | C79: m2 | D79: =4170*1.3 -> 5421 | E79: 34.11 | F79: =E79*D79/12 -> 15409.192 | G79: Custo SCO FGV
B80: 4170 vagas x 1,3m2/vaga
A81: 6.6 | B81: Software | C81: un. | D81: 1 | E81: 62000 | F81: =E81*D81/12 -> 5166.6667 | G81: Preço de Mercado
A82: 6.7 | B82: Aparelho emissor de tíquetes (1 para cada agente) | C82: un. | D82: =+D9 -> 56 | E82: 1050 | F82: =E82*D82/12 -> 4900 | G82: Preço de Mercado
A83: 6.8 | B83: Impressora térmica (1 para cada agente) | C83: un. | D83: =+$D$82 -> 56 | E83: 845 | F83: =E83*D83/12 -> 3943.3333 | G83: Preço de Mercado
A84: 6.9 | B84: Capa, película protetora, chip | C84: un. | D84: =+$D$82 -> 56 | E84: 36.59 | F84: =E84*D84/12 -> 170.75333 | G84: Preço de Mercado
A85: 6.10 | B85: Baterias estendidas p/ impressora | C85: un. | D85: =+$D$82 -> 56 | E85: 188 | F85: =E85*D85/12 -> 877.33333 | G85: Preço de Mercado
A87: 7 | B87: Administrativo | F87: =F88 -> 10000
A88: 7.1 | B88: Ponto de Atendimento ao Usuário (Estrutura física) | C88: un. | D88: 1 | E88: 120000 | F88: =+E88/12 -> 10000 | G88: Preço de Mercado
A90: Resumo
A91: 1 | B91: Salários (Anual) | D91: =+F8*12 -> 1575682.7
A92: 2 | B92: Encargos (Anual) | D92: =+F35*12 -> 1136283.1
A93: 3 | B93: Benefícios Sociais (Anual) | D93: =+F38*12 -> 245824.8
A94: 4 | B94: EPI's - Não Considerado Colaboradores Administrativos (Anual) | D94: =+F44*12 -> 75065.57
A95: 5 | B95: Operacional (Anual) | D95: =+F60*12 -> 570344.16
A96: 6 | B96: Investimentos (Anual) | D96: =+F71*12 -> 525231.35
A97: 7 | B97: Administrativo (Anual) | D97: =+F87*12 -> 120000
B98: Total Anual | D98: =SUM(D91:F97) -> 4248431.6
B101: Investimento Inicial | E101: =60*(F72+F73+F75+F77)+(F88+F81+F82+F83+F84+F85+F79)*12 -> 1283727.4

Sheet Viabilidade Econômica
A1: ANEXO III - PLANILHA DE VIABILIDADE ECONÔMICA
A2: Estacionamento Rotativo de São Gonçalo - ZONA AZUL
A5: ITEM | B5: BASE | C5: ANO 1 | D5: ANO 2 | E5: ANO 3 | F5: ANO 4 | G5: ANO 5 | H5: ANO 6 | I5: ANO 7 | J5: ANO 8 | K5: ANO 9 | L5: ANO 10 | M5: ANO 11 | N5: ANO 12 | O5: ANO 13 | P5: ANO 14 | Q5: ANO 15 | R5: TOTAL | S5: 1º ano | T5: =+C6 -> 7601958
A6: RECEITA | B6: =+B10+B18 -> 7601958 | C6: =+C10+C18 -> 7601958 | D6: =+D10+D18 -> 7965233.6 | E6: =+E10+E18 -> 8328509.3 | F6: =+F10+F18 -> 8699876.6 | G6: =+G10+G18 -> 9122349.6 | H6: =+H10+H18 -> 9552914.3 | I6: =+I10+I18 -> 9983479 | ... R6: =+R10+R18 -> 1.6031401e+08 | S6: 2º ano | T6: =+D6 -> 7965233.6
A7: REAJUSTE (INFLAÇÃO ) | D7: 0.05 | E7: 0.05 | F7: 0.05 | G7: 0.05 | H7: 0.05 | I7: 0.05 | J7: 0.05 | K7: 0.05 | L7: 0.05 | M7: 0.05 | N7: 0.05 | O7: 0.05 | P7: 0.05 | Q7: 0.05 | S7: 3º ano | T7: =+E6 -> 8328509.3
S8: 4º ano | T8: =+F6 -> 8699876.6
A9: Vagas Fixas | S9: 5º ano | T9: =+G6 -> 9122349.6
A10: ROTATIVO ÁREA AZUL | B10: =+B11*B12*B13*B14*B15 -> 6388200 | C10: =+C11*C12*C13*C14*C15 -> 6388200 | D10: =+D11*D12*D13*D14*D15 -> 6694833.6 | E10: =+E11*E12*E13*E14*E15 -> 7001467.2 | F10: =+F11*F12*F13*F14*F15 -> 7308100.8 | G10: =+G11*G12*G13*G14*G15 -> 7665840 | H10: =+H11*H12*H13*H14*H15 -> 8023579.2 | I10: =+I11*I12*I13*I14*I15 -> 8381318.4 | ... Q10: =+Q11*Q12*Q13*Q14*Q15 -> 12163133 | R10: =SUM(C10:Q10) -> 134663256 | S10: 6º ano | T10: =+H6 -> 9552914.3
A11: Nº VAGAS | B11: 3600 | C11: =$B$11 -> 3600 | D11: =$B$11 -> 3600 | E11: =$B$11 -> 3600 | F11: =$B$11 -> 3600 | G11: =$B$11 -> 3600 | H11: =$B$11 -> 3600 | I11: =$B$11 -> 3600 | J11: =$B$11 -> 3600 | ... Q11: =$B$11 -> 3600 | S11: 7º ano | T11: =+I6 -> 9983479
A12: TARIFA 1 H | B12: =2.5/2 -> 1.25 | C12: =+B12 -> 1.25 | D12: =INT(100*C12*1.05)/100 -> 1.31 | E12: =INT(100*D12*1.05)/100 -> 1.37 | F12: =INT(100*E12*1.05)/100 -> 1.43 | G12: =INT(100*F12*1.05)/100 -> 1.5 | H12: =INT(100*G12*1.05)/100 -> 1.57 | I12: =INT(100*H12*1.05)/100 -> 1.64 | J12: =INT(100*I12*1.05)/100 -> 1.72 | K12: =INT(100*J12*1.05)/100 -> 1.8 | ... Q12: =INT(100*P12*1.05)/100 -> 2.38 | S12: 8º ano | T12: =+J6 -> 10465149
A13: HR OP. MÊS PERMANENTE | B13: =26*13 -> 338 | C13: =26*13 -> 338 | D13: =26*13 -> 338 | E13: =26*13 -> 338 | F13: =26*13 -> 338 | G13: =26*13 -> 338 | H13: =26*13 -> 338 | I13: =26*13 -> 338 | ... Q13: =26*13 -> 338 | S13: 9º ano | T13: =+K6 -> 10954911
A14: TX DE OCUPAÇÃO PERMANENTE | B14: 0.35 | C14: =$B$14 -> 0.35 | D14: =$B$14 -> 0.35 | E14: =$B$14 -> 0.35 | F14: =$B$14 -> 0.35 | G14: =$B$14 -> 0.35 | H14: =$B$14 -> 0.35 | I14: =$B$14 -> 0.35 | J14: =$B$14 -> 0.35 | ... Q14: =$B$14 -> 0.35 | S14: 10º ano | T14: =+L6 -> 11495779
A15: MESES DE UTILIZAÇÃO | B15: 12 | C15: 12 | D15: 12 | E15: 12 | F15: 12 | G15: 12 | H15: 12 | I15: 12 | J15: 12 | K15: 12 | L15: 12 | M15: 12 | N15: 12 | O15: 12 | P15: 12 | Q15: 12 | S15: 11º ano | T15: =+M6 -> 12044738
S16: 12º ano | T16: =+N6 -> 12593697
A17: Vagas Temporárias | S17: 13º ano | T17: =+O6 -> 13201854
A18: ROTATIVO ÁREA VERMELHA | B18: =+B19*B20*B21*B22*B23 -> 1213758 | C18: =+C19*C20*C21*C22*C23 -> 1213758 | D18: =+D19*D20*D21*D22*D23 -> 1270400 | E18: =+E19*E20*E21*E22*E23 -> 1327042.1 | F18: =+F19*F20*F21*F22*F23 -> 1391775.8 | G18: =+G19*G20*G21*G22*G23 -> 1456509.6 | H18: =+H19*H20*H21*H22*H23 -> 1529335.1 | I18: =+I19*I20*I21*I22*I23 -> 1602160.6 | ... Q18: =+Q19*Q20*Q21*Q22*Q23 -> 2322323.6 | R18: =SUM(C18:Q18) -> 25650752 | S18: 14º ano | T18: =+P6 -> 13818102
A19: Nº VAGAS | B19: 570 | C19: 570 | D19: 570 | E19: 570 | F19: 570 | G19: 570 | H19: 570 | I19: 570 | J19: 570 | K19: 570 | L19: 570 | M19: 570 | N19: 570 | O19: 570 | P19: 570 | Q19: 570 | S19: 15º ano | T19: =+Q6 -> 14485456
A20: TARIFA 1 H | B20: 1.5 | C20: =+B20 -> 1.5 | D20: =INT(100*C20*1.05)/100 -> 1.57 | E20: =INT(100*D20*1.05)/100 -> 1.64 | F20: =INT(100*E20*1.05)/100 -> 1.72 | G20: =INT(100*F20*1.05)/100 -> 1.8 | H20: =INT(100*G20*1.05)/100 -> 1.89 | I20: =INT(100*H20*1.05)/100 -> 1.98 | J20: =INT(100*I20*1.05)/100 -> 2.07 | K20: =INT(100*J20*1.05)/100 -> 2.17 | ... Q20: =INT(100*P20*1.05)/100 -> 2.87 | S20: Total | T20: =SUM(T5:T19) -> 1.6031401e+08
A21: HR OP. MÊS PERMANENTE | B21: =26*13 -> 338 | C21: =26*13 -> 338 | D21: =26*13 -> 338 | E21: =26*13 -> 338 | F21: =26*13 -> 338 | G21: =26*13 -> 338 | H21: =26*13 -> 338 | I21: =26*13 -> 338 | ... Q21: =26*13 -> 338
A22: TX DE OCUPAÇÃO PERMANENTE | B22: =$B$14 -> 0.35 | C22: =$B$14 -> 0.35 | D22: =$B$14 -> 0.35 | E22: =$B$14 -> 0.35 | F22: =$B$14 -> 0.35 | G22: =$B$14 -> 0.35 | H22: =$B$14 -> 0.35 | I22: =$B$14 -> 0.35 | ... Q22: =$B$14 -> 0.35
A23: MESES DE UTILIZAÇÃO | B23: 12 | C23: 12 | D23: 12 | E23: 12 | F23: 12 | G23: 12 | H23: 12 | I23: 12 | J23: 12 | K23: 12 | L23: 12 | M23: 12 | N23: 12 | O23: 12 | P23: 12 | Q23: 12
A25: DESPESA | C25: =SUM(C26:C31) -> 6091906.5 | D25: =SUM(D26:D31) -> 6573454.4 | E25: =SUM(E26:E31) -> 6892662.9 | F25: =SUM(F26:F31) -> 7226138.8 | G25: =SUM(G26:G31) -> 7583717.6 | H25: =SUM(H26:H31) -> 7956706.9 | I25: =SUM(I26:I31) -> 8342606.2 | J25: =SUM(J26:J31) -> 8754454.2 | ... Q25: =SUM(Q26:Q31) -> 12255258 | R25: =SUM(C25:Q25) -> 1.3403347e+08
A26: PESSOAL | C26: =+Planilha!D91+Planilha!D92+Planilha!D93+Planilha!D94 -> 3032856.1 | D26: =+C26*1.05 -> 3184498.9 | E26: =+D26*1.05 -> 3343723.9 | F26: =+E26*1.05 -> 3510910.1 | G26: =+F26*1.05 -> 3686455.6 | H26: =+G26*1.05 -> 3870778.4 | I26: =+H26*1.05 -> 4064317.3 | J26: =+I26*1.05 -> 4267533.1 | K26: =+J26*1.05 -> 4480909.8 | ... Q26: =+P26*1.05 -> 6004847.7
A27: OPERACIONAL | C27: =+Planilha!D95 -> 570344.16 | D27: =+C27*1.05 -> 598861.37 | E27: =+D27*1.05 -> 628804.44 | F27: =+E27*1.05 -> 660244.66 | G27: =+F27*1.05 -> 693256.89 | H27: =+G27*1.05 -> 727919.74 | I27: =+H27*1.05 -> 764315.72 | J27: =+I27*1.05 -> 802531.51 | K27: =+J27*1.05 -> 842658.08 | ... Q27: =+P27*1.05 -> 1129242.4
A28: TRIBUTOS | C28: =C6*0.1425 -> 1083279 | D28: =(D6+D18)*0.1425 -> 1316077.8 | E28: =(E6+E18)*0.1425 -> 1375916.1 | F28: =(F6+F18)*0.1425 -> 1438060.5 | G28: =(G6+G18)*0.1425 -> 1507487.4 | H28: =(H6+H18)*0.1425 -> 1579220.5 | I28: =(I6+I18)*0.1425 -> 1650953.6 | J28: =(J6+J18)*0.1425 -> 1729969.3 | K28: =(K6+K18)*0.1425 -> 1811291.1 | ... Q28: =(Q6+Q18)*0.1425 -> 2395108.7
A29: INVESTIMENTOS | C29: =+Planilha!D96 -> 525231.35 | D29: =+C29*1.05 -> 551492.92 | E29: =+D29*1.05 -> 579067.56 | F29: =+E29*1.05 -> 608020.94 | G29: =+F29*1.05 -> 638421.99 | H29: =+G29*1.05 -> 670343.09 | I29: =+H29*1.05 -> 703860.24 | J29: =+I29*1.05 -> 739053.25 | K29: =+J29*1.05 -> 776005.92 | ... Q29: =+P29*1.05 -> 1039922.1
A30: ADMINISTRATIVO | C30: =+Planilha!D97 -> 120000 | D30: =+C30*1.05 -> 126000 | E30: =+D30*1.05 -> 132300 | F30: =+E30*1.05 -> 138915 | G30: =+F30*1.05 -> 145860.75 | H30: =+G30*1.05 -> 153153.79 | I30: =+H30*1.05 -> 160811.48 | J30: =+I30*1.05 -> 168852.05 | K30: =+J30*1.05 -> 177294.65 | ... Q30: =+P30*1.05 -> 237591.79
A31: REPASSE MENSAL MÍNIMO 10% Vagas Fixas e Temporárias. | C31: =+C6*0.1 -> 760195.8 | D31: =+D6*0.1 -> 796523.36 | E31: =+E6*0.1 -> 832850.93 | F31: =+F6*0.1 -> 869987.66 | G31: =+G6*0.1 -> 912234.96 | H31: =+H6*0.1 -> 955291.43 | I31: =+I6*0.1 -> 998347.9 | J31: =+J6*0.1 -> 1046514.9 | ... Q31: =+Q6*0.1 -> 1448545.6 | R31: =SUM(C31:Q31) -> 16031401
A32: RESULTADO | C32: =C6-C25 -> 1510051.5 | D32: =D6-D25 -> 1391779.3 | E32: =E6-E25 -> 1435846.4 | F32: =F6-F25 -> 1473737.8 | G32: =G6-G25 -> 1538632 | H32: =H6-H25 -> 1596207.3 | I32: =I6-I25 -> 1640872.7 | J32: =J6-J25 -> 1710695.1 | ... R32: =R6-R25 -> 26280537
B37: Mês | C37: Total de vagas | D37: Hora mês | E37: Tarifa/hora | F37: % de ocupação | G37: Receita total
B38: 1 | C38: 3600 | D38: 338 | E38: 1.25 | F38: 0.35 | G38: =C38*D38*E38*F38 -> 532350
C39: 570 | D39: =+D38 -> 338 | E39: 1.5 | F39: =+F38 -> 0.35 | G39: =C39*D39*E39*F39 -> 101146.5
B40: =+B38+1 -> 2 | C40: 3600 | D40: =+D39 -> 338 | E40: =+$E$38 -> 1.25 | F40: =+F39 -> 0.35 | G40: =C40*D40*E40*F40 -> 532350
C41: 570 | D41: =+D40 -> 338 | E41: =$E$39 -> 1.5 | F41: =+F40 -> 0.35 | G41: =C41*D41*E41*F41 -> 101146.5
B42: =+B40+1 -> 3 | C42: 3600 | D42: =+D41 -> 338 | E42: =+$E$38 -> 1.25 | F42: =+F41 -> 0.35 | G42: =C42*D42*E42*F42 -> 532350
C43: 570 | D43: =+D42 -> 338 | E43: =$E$39 -> 1.5 | F43: =+F42 -> 0.35 | G43: =C43*D43*E43*F43 -> 101146.5
B44: =+B42+1 -> 4 | C44: 3600 | D44: =+D43 -> 338 | E44: =+$E$38 -> 1.25 | F44: =+F43 -> 0.35 | G44: =C44*D44*E44*F44 -> 532350
C45: 570 | D45: =+D44 -> 338 | E45: =$E$39 -> 1.5 | F45: =+F44 -> 0.35 | G45: =C45*D45*E45*F45 -> 101146.5
B46: =+B44+1 -> 5 | C46: 3600 | D46: =+D45 -> 338 | E46: =+$E$38 -> 1.25 | F46: =+F45 -> 0.35 | G46: =C46*D46*E46*F46 -> 532350
C47: 570 | D47: =+D46 -> 338 | E47: =$E$39 -> 1.5 | F47: =+F46 -> 0.35 | G47: =C47*D47*E47*F47 -> 101146.5
B48: =+B46+1 -> 6 | C48: 3600 | D48: =+D47 -> 338 | E48: =+$E$38 -> 1.25 | F48: =+F47 -> 0.35 | G48: =C48*D48*E48*F48 -> 532350
C49: 570 | D49: =+D48 -> 338 | E49: =$E$39 -> 1.5 | F49: =+F48 -> 0.35 | G49: =C49*D49*E49*F49 -> 101146.5
B50: =+B48+1 -> 7 | C50: 3600 | D50: =+D49 -> 338 | E50: =+$E$38 -> 1.25 | F50: =+F49 -> 0.35 | G50: =C50*D50*E50*F50 -> 532350
C51: 570 | D51: =+D50 -> 338 | E51: =$E$39 -> 1.5 | F51: =+F50 -> 0.35 | G51: =C51*D51*E51*F51 -> 101146.5
B52: =+B50+1 -> 8 | C52: 3600 | D52: =+D51 -> 338 | E52: =+$E$38 -> 1.25 | F52: =+F51 -> 0.35 | G52: =C52*D52*E52*F52 -> 532350
C53: 570 | D53: =+D52 -> 338 | E53: =$E$39 -> 1.5 | F53: =+F52 -> 0.35 | G53: =C53*D53*E53*F53 -> 101146.5
B54: =+B52+1 -> 9 | C54: 3600 | D54: =+D53 -> 338 | E54: =+$E$38 -> 1.25 | F54: =+F53 -> 0.35 | G54: =C54*D54*E54*F54 -> 532350
C55: 570 | D55: =+D54 -> 338 | E55: =$E$39 -> 1.5 | F55: =+F54 -> 0.35 | G55: =C55*D55*E55*F55 -> 101146.5
B56: =+B54+1 -> 10 | C56: 3600 | D56: =+D55 -> 338 | E56: =+$E$38 -> 1.25 | F56: =+F55 -> 0.35 | G56: =C56*D56*E56*F56 -> 532350
C57: 570 | D57: =+D56 -> 338 | E57: =$E$39 -> 1.5 | F57: =+F56 -> 0.35 | G57: =C57*D57*E57*F57 -> 101146.5
B58: =+B56+1 -> 11 | C58: 3600 | D58: =+D57 -> 338 | E58: =+$E$38 -> 1.25 | F58: =+F57 -> 0.35 | G58: =C58*D58*E58*F58 -> 532350
C59: 570 | D59: =+D58 -> 338 | E59: =$E$39 -> 1.5 | F59: =+F58 -> 0.35 | G59: =C59*D59*E59*F59 -> 101146.5
B60: =+B58+1 -> 12 | C60: 3600 | D60: =+D59 -> 338 | E60: =+$E$38 -> 1.25 | F60: =+F59 -> 0.35 | G60: =C60*D60*E60*F60 -> 532350
C61: 570 | D61: =+D60 -> 338 | E61: =$E$39 -> 1.5 | F61: =+F60 -> 0.35 | G61: =C61*D61*E61*F61 -> 101146.5
B62: Vagas Fixas | G62: =+G38+G40+G42+G44+G46+G48+G50+G52+G54+G56+G58+G60 -> 6388200
B63: Vagas Temporárias | G63: =+G39+G41+G43+G45+G47+G49+G51+G53+G55+G57+G59+G61 -> 1213758
B64: Total (R$) | G64: =SUM(G62:G63) -> 7601958
B66: PREVISÃO DE ARRECADAÇÃO TOTAL
B67: Valor atualizado considerando reajuste anual de 5% - (15 anos)
B68: Vagas Fixas | G68: =+R10 -> 134663256
B69: Vagas Temporárias | G69: =+R18 -> 25650752
B70: Total (R$) | G70: =+G69+G68 -> 1.6031401e+08
B72: REPASSE MENSAL MÍNIMO (TAXA DE FISCALIZAÇÃO)
B74: Previsão Mensal | E74: 10% da arrecadação bruta | G74: =+G75/12 -> 63349.65
B75: Previsão Anual | E75: 10% da arrecadação bruta | G75: =+G64*0.1 -> 760195.8

Sheet Vias
A1: Prefeitura Municipal de São Gonçalo
A2: Secretaria Municipal de Transportes
A3: Vagas para Implantação do Estacionamento Rotativo
A4: Logradouro | B4: Bairro | C4: Vagas | D4: Obs
A5: Área Central
A6: Rua Presidente Dutra | B6: Estrela do Norte | C6: 20 | D6: Junto ao canteiro central
A7: Rua Presidente Dutra | B7: Estrela do Norte | C7: 20 | D7: Junto ao canteiro central
A8: Trav. Cristo Redentor | B8: Estrela do Norte | C8: 20
A9: Rua Antônio Santos Figueiredo | B9: Centro | C9: 21
A10: Rua Jorge Soares | B10: Centro | C10: 20
A11: Rua Eduardo Vieira de Souza | B11: Centro | C11: 21
A12: Rua Eduardo Vieira de Souza | B12: Centro | C12: 12
A13: Rua João de Souza | B13: Centro | C13: 30
A14: Rua Cel. Rodrigues | B14: Centro | C14: 30
A15: Rua Machado de Assis | B15: Centro | C15: 20
A16: Rua Dr. Feliciano Sodré | B16: Centro | C16: 6 | D16: Recuo da Nextel
A17: Vila José Augusto Domingues | B17: Centro | C17: 8
A18: Rua Lourenço Abrantes | B18: Centro | C18: 10
A19: Rua Beatriz de Sá Couto | B19: Centro | C19: 15
A20: Alameda Pio XII | B20: Centro | C20: 42
A21: Praça do Pronto Socorro | B21: Centro | C21: 5
A22: Rua Ver. Clemente de Souza e Silva | B22: Zé Garoto | C22: 80 | D22: Paralelo ao Rio
A23: Rua Zaumir Jesus da Silveira | B23: Zé Garoto | C23: 8
A24: Rua Zaumir Jesus da Silveira | B24: Zé Garoto | C24: 8
A25: Trav. Orminda Azevedo | B25: Zé Garoto | C25: 15
A26: Rua Amália de Souza | B26: Zé Garoto | C26: 20
A27: Trav. Zulmira | B27: Zé Garoto | C27: 10
A28: Rua Rodrigues da Fonseca | B28: Zé Garoto | C28: 20
A29: Trav. Leonidia | B29: Zé Garoto | C29: 10
A30: Trav. Jurema | B30: Zé Garoto | C30: 45
A31: Rua Sidnei Monteiro | B31: Estrela do Norte | C31: 12
A32: Trav. Peri do Santos | B32: Estrela do Norte | C32: 10
A33: Trav. Manoel Braga | B33: Centro | C33: 15
A34: Rua Simião Custódio | B34: Centro | C34: 18
... A37: Rua Gervásio Neri | B37: Centro | C37: 8
A38: Rua Gervásio Neri | B38: Centro | C38: 14 | D38: No recuo
A39: Trav. São Gonçalo | B39: Centro | C39: 25
A40: Trav. Francisco Malafaia | B40: Centro | C40: 48
A41: Trav. Célio Gouveia | B41: Centro | C41: 15
A42: Rua Sá Carvalho | B42: Centro | C42: 20
A43: Rua Espírito Santo | B43: Brasilândia | C43: 30
A44: Rua Sergipe | B44: Brasilândia | C44: 8
A45: Rua Rio Grande do Sul | B45: Brasilândia | C45: 34
A46: Rua General Barcelos | B46: Brasilândia | C46: 20
A47: Av. Presidente Kennedy (via Metrô) | B47: Estrela do Norte | C47: 40 | D47: Via Metrô
A48: Av. Presidente Kennedy (via Metrô) | B48: Estrela do Norte | C48: 34 | D48: Via Metrô
A49: Av. Presidente Kennedy (via Metrô) | B49: Estrela do Norte | C49: 7 | D49: Via Metrô
A50: Av. Presidente Kennedy (via Metrô) | B50: Estrela do Norte | C50: 5 | D50: No recuo
A51: Av. Presidente Kennedy (via Metrô) | B51: Centro | C51: 38 | D51: Via Metrô
A52: Av. Presidente Kennedy (via Metrô) | B52: Centro | C52: 47 | D52: Via Metrô
A53: Av. Presidente Kennedy (via Metrô) | B53: Centro | C53: 45 | D53: Via Metrô
A54: Av. Presidente Kennedy (via Metrô) | B54: Centro | C54: 36 | D54: Via Metrô
A55: Av. Presidente Kennedy (via Metrô) | B55: Centro | C55: 36 | D55: Via Metrô
A56: Av. Presidente Kennedy (via Metrô) | B56: Centro | C56: 83 | D56: Via Metrô
A57: Av. Presidente Kennedy (via Metrô) | B57: Centro | C57: 48 | D57: Via Metrô
A58: Av. Presidente Kennedy (via Metrô) | B58: Centro | C58: 5 | D58: Via Metrô
A59: Av. Presidente Kennedy (via Metrô) | B59: Centro | C59: 146 | D59: Via Metrô
C60: =SUM(C6:C59) -> 1441
A61: Área do Alcântara
A62: Rua Adolfo Brum | B62: Pedro de Alcântara | C62: 45
A63: Rua Ernesto Cal | B63: Raul Veiga | C63: 17
A64: Rua Ernesto Cal | B64: Raul Veiga | C64: 17
A65: Rua Marinho do Santos | B65: Raul Veiga | C65: 24
A66: Rua Arnulfo Cardoso | B66: Raul Veiga | C66: 11
A67: Rua Joaquim Laranjeira | B67: Raul Veiga | C67: 18
A68: Rua Augusto Franco | B68: Vila Três | C68: 15
A69: Rua Gustavo Mayer | B69: Vila Três | C69: 20
A70: Rua Concórdia | B70: Pedro de Alcântara | C70: 20
A71: Rua Concórdia | B71: Pedro de Alcântara | C71: 26
A72: Rua Antônio Alves | B72: Pedro de Alcântara | C72: 15
A73: Rua Antônio Alves | B73: Pedro de Alcântara | C73: 15
... A88: Trav. Circular | B88: Pedro de Alcântara | C88: 14
A89: Rua Dr. Alfredo Backer | B89: Pedro de Alcântara | C89: 21 | D89: Recuo Alcântara I
A90: Rua Dr. Alfredo Backer | B90: Pedro de Alcântara | C90: 14 | D90: Recuo Alcântara I
A91: Rua Jovelino de Oliveira Viana | B91: Pedro de Alcântara | C91: 25 | D91: Recuo a construir
C92: =SUM(C62:C91) -> 580
A93: Área do Jard. Alcântara e Coelho
A94: Av. Jornalista Roberto Marinho | B94: Jardim Alcântara | C94: 8 | D94: Via Auxiliar
A95: Av. Jornalista Roberto Marinho | B95: Jardim Alcântara | C95: 42 | D95: Via Auxiliar
A96: Rua Francisco Campos | B96: Jardim Alcântara | C96: 24
A97: Rua Francisco Campos | B97: Jardim Alcântara | C97: 28
A98: Rua Cap. Juvenal Figueiredo II | B98: Jardim Alcântara | C98: 41
A99: Rua Cap. Juvenal Figueiredo II | B99: Jardim Alcântara | C99: 100
A100: Rua Cap. Juvenal Figueiredo II | B100: Jardim Alcântara | C100: 66
A101: Rua Cap. Juvenal Figueiredo II | B101: Jardim Alcântara | C101: 15
A102: Rua Cap. Juvenal Figueiredo II | B102: Jardim Alcântara | C102: 18
A103: Rua Tem. Carlos Augusto | B103: Jardim Alcântara | C103: 8
A104: Rua Maria Moraes III | B104: Jardim Alcântara | C104: 8
A105: Rua Felinto Macedo | B105: Jardim Alcântara | C105: 20
A106: Rua Cap. Juvenal Figueiredo I | B106: Coelho | C106: 64
A107: Rua Cap. Juvenal Figueiredo I | B107: Coelho | C107: 205
A108: Rua Cap. Juvenal Figueiredo I | B108: Coelho | C108: 20
A109: Rua Cap. Juvenal Figueiredo I | B109: Coelho | C109: 10 | D109: Necessita construir recuo
A110: Rua Jacinto Rebelo | B110: Coelho | C110: 13
C111: =SUM(C94:C110) -> 690
A112: Área do Rocha
A113: Rua Ary Barroso | B113: Rocha | C113: 15
A114: Av. Pres. H. Alenc. Castelo Branco | B114: Rocha | C114: 10
A115: Rua Salvatori | B115: Rocha | C115: 42
A116: Rua Salvatori | B116: Rocha | C116: 13
...
